 Dungeon Crawl Stone Soup version 0.31.0-9-g3a7656b989 (webtiles) character file.

Game seed: 12433484522166181140

11248 Peloso the Carver (level 11, 0/99 HPs)
             Began as a Minotaur Fighter on Feb 5, 2024.
             Was a High Priest of Okawaru.
             Slain by a vampire
             ... wielding a +0 glaive
              (2 damage)
             ... on level 11 of the Dungeon.
             The game lasted 00:17:34 (10345 turns).

Peloso the Carver (Minotaur Fighter)               Turns: 10345, Time: 00:17:35

Health: 0/99       AC: 19    Str: 27    XL:     11   Next: 46%
Magic:  10/10      EV:  9    Int:  5    God:    Okawaru [*****.]
Gold:   519        SH:  6    Dex: 14    Spells: 10/10 levels left

rFire   + . .        a - +0 long sword
rCold   . . .        d - +0 buckler
rNeg    + . .        H - +1 plate armour {rF+}
rPois   .            (helmet restricted)
rElec   .            A - +0 cloak
rCorr   .            j - +0 pair of gloves
SInv    .            (no boots)
Will    .....        (no amulet) Stlth
                     g - +6 ring of strength
HPRegen 0.36/turn    k - ring of positive energy
MPRegen 0.12/turn

%: no passive effects
@: no status effects
A: horns 2, retaliatory headbutt
a: Renounce Religion, Heroism, Finesse, Duel


You were on level 11 of the Dungeon.
You worshipped Okawaru.
Okawaru was extremely pleased with you.
You visited 1 branch of the dungeon, and saw 12 of its levels.

You collected 602 gold pieces.
You spent 83 gold pieces at shops.

Inventory:

Hand Weapons
 a - a +0 long sword (weapon)
 b - a +1 war axe of flaming
Armour
 c - a +2 plate armour of poison resistance
 d - a +0 buckler (worn)
 j - a +0 pair of gloves (worn)
 A - a +0 cloak (worn)
 H - a +1 plate armour of fire resistance (worn)
 J - +0 swamp dragon scales
Jewellery
 e - a ring of positive energy
 g - a +6 ring of strength (left hand)
 k - a ring of positive energy (right hand)
 o - a ring of fire
 u - a ring of resist corrosion
 y - a ring of fire
 G - an amulet of the acrobat
Wands
 n - a wand of flame (30)
 q - a wand of polymorph (7)
 C - a wand of acid (5)
 F - a wand of mindburst (13)
Scrolls
 h - 3 scrolls of revelation
 i - 4 scrolls of noise {unknown}
 m - a scroll of brand weapon {unknown}
 p - a scroll of fog {unknown}
 r - a scroll of torment {unknown}
 s - 5 scrolls of teleportation {unknown}
 w - 2 scrolls of amnesia {unknown}
 z - 2 scrolls of immolation {unknown}
 B - a scroll of poison {unknown}
 D - a scroll of blinking {unknown}
 E - a scroll of identify
Potions
 f - 2 potions of might
 l - 2 potions of haste
 t - 2 potions of resistance
 v - 3 potions of brilliance
 x - a potion of attraction
 I - a potion of magic


   Skills:
 + Level 9.7 Fighting
 + Level 13.9 Long Blades
 + Level 11.0 Armour
 + Level 4.2 Dodging
 + Level 2.0 Stealth
 + Level 9.0 Shields
 + Level 0.7 Evocations


You had 10 spell levels left.
You didn't know any spells.
Your spell library contained the following spells:

 Spells                   Type           Power      Damage    Failure   Level
 Apportation              Tloc           0%         N/A       99%         1
 Magic Dart               Conj           0%         1d3       99%         1
 Necrotise                Necr           0%         1d4       99%         1
 Shock                    Conj/Air       0%         1d3       99%         1
 Slow                     Hex            0%         N/A       99%         1
 Sting                    Conj/Alch      0%         1d3       99%         1
 Blink                    Tloc           0%         N/A       100%        2
 Fugue of the Fallen      Necr           0%         N/A       100%        3
 Gell's Gravitas          Tloc           0%         N/A       100%        3
 Ozocubu's Armour         Ice            0%         N/A       100%        3
 Swiftness                Air            0%         N/A       100%        3
 Teleport Other           Tloc           0%         N/A       100%        3
 Airstrike                Air            0%         2d(0-16)  100%        4
 Manifold Assault         Tloc           0%         N/A       100%        4
 Olgreb's Toxic Radiance  Alch           0%         N/A       100%        4
 Dispersal                Tloc           0%         N/A       100%        6
 Ozocubu's Refrigeration  Ice            0%         4d7       100%        7
 Discord                  Hex            0%         N/A       100%        8
 Summon Small Mammal      Summ           Unusable   N/A       N/A         1
 Call Imp                 Summ           Unusable   N/A       N/A         2
 Summon Ice Beast         Ice/Summ       Unusable   N/A       N/A         3
 Summon Mana Viper        Hex/Summ       Unusable   N/A       N/A         5
 Monstrous Menagerie      Summ           Unusable   N/A       N/A         7

Dungeon Overview and Level Annotations

Branches:
Dungeon (12/15)            Temple (0/1) D:7            Lair (0/5) D:10
    Orc (0/2) D:9

Altars:
Ashenzari
Kikubaaqudgha
Okawaru
Sif Muna
Uskayaw
Vehumet
Wu Jian

Shops:
D:4 ([(*:   D:7 =

Annotations:
D:10 2 runed translucent doors, ymhsbmbesitwf's ghost, journeyman GrCj


Innate Abilities, Weirdness & Mutations

You have a pair of horns on your head.
You reflexively headbutt those who attack you in melee.


Message History

You miss something. Your headbutt misses something. Something hits you!
Something bites you.
Something draws strength from your injuries!
You hit something but do no damage. You hit something.
Your headbutt misses something. Something hits you! Something bites you!
Something draws strength from your injuries!
You hit something but do no damage. Your headbutt misses something.
Something hits you. Something bites you but does no damage.
You hit something. Your headbutt misses something. Something hits you.
Something bites you!
* * * LOW HITPOINT WARNING * * *
Something draws strength from your injuries!
You hit something. Your headbutt misses something. You miss something.
You headbutt something. You block something's attack. Something bites you.
* * * LOW HITPOINT WARNING * * *
Okay, then.
Okay, then.
Okay, then.
Okay, then.
You hit something but do no damage. Something hits you.
* * * LOW HITPOINT WARNING * * *
Something bites you but does no damage.
Unknown command.
You slash something!
Unknown command.
You hit something. Something hits you.
* * * LOW HITPOINT WARNING * * *
Something bites you.
* * * LOW HITPOINT WARNING * * *
Something draws strength from your injuries!
You hit something but do no damage. Your headbutt misses something.
Something draws life force from you!
* * * LOW HITPOINT WARNING * * *
You hit something but do no damage. Something hits you.
* * * LOW HITPOINT WARNING * * *
Something bites you but does no damage.
You hit something. Something hits you.
You die...

###################
.......{@.........#
.....###..........#
### .###......###.#
..........# #.#
..........# #.#
...........# #.#
##########.# #.#
#.###.# #.....#


There were no monsters in sight!

Vanquished Creatures
  Pikel (D:4)
  A deep elf pyromancer (D:9)
  2 cyclopes
  A gargoyle (D:10)
  Maggie (D:9)
  An unseen horror (D:10)
  A kobold demonologist (D:12)
  A troll (D:11)
  A hornet (D:9)
  Grinder (D:4)
  Sigmund (D:5)
  2 shadows
  2 wraiths (D:10)
  Eustachio (D:4)
  4 wyverns
  3 steam dragons
  6 yaks (D:9)
  Edmund (D:5)
  3 water moccasins
  Pargi (D:3)
  7 orc warriors
  6 ice beasts
  2 black bears
  A sky beast (D:8)
  2 wolves (D:10)
  5 centaurs
  3 ogres
  A boggart (D:9)
  A phantom (D:5)
  Blork the orc (D:4)
  2 kobold brigands
  3 bullfrogs
  A gnoll sergeant (D:10)
  2 scorpions (D:4)
  12 killer bees
  2 electric eels (D:12)
  2 howler monkeys
  3 jellies
  2 bombardier beetles
  7 orc priests
  Natasha (thrice) (D:3)
  A sleepcap (D:7)
  3 iguanas
  6 orc wizards
  3 centaur simulacra (D:10)
  6 adders
  4 gnolls (D:10)
  A shadow imp (D:7)
  2 white imps
  An ufetubus (D:10)
  4 dart slugs
  3 ribbon worms
  37 orcs
  2 ball pythons (D:4)
  7 endoplasms
  7 giant cockroaches
  5 hobgoblins
  6 jackals (D:4)
  5 quokkas
  A bat (D:1)
  A frilled lizard (D:3)
  12 goblins
  17 kobolds
  15 rats
252 creatures vanquished.

Notes
Turn   | Place    | Note
-------+----------+-------------------------------------------
     0 | D:1      | Peloso the Minotaur Fighter began the quest for the Orb.
     0 | D:1      | Reached XP level 1. HP: 19/19 MP: 0/0
    78 | D:1      | Reached XP level 2. HP: 27/27 MP: 1/1
   728 | D:2      | Reached skill level 3 in Long Blades
   728 | D:2      | Reached XP level 3. HP: 33/33 MP: 2/2
   781 | D:2      | Identified the +3 chain mail "Muchac" {+Blink Will- Int+6
                  | Slay+3}
  1327 | D:3      | Noticed Natasha
  1327 | D:3      | Noticed Pargi
  1340 | D:3      | Killed Pargi
  1341 | D:3      | Reached skill level 4 in Long Blades
  1341 | D:3      | Reached XP level 4. HP: 31/41 MP: 3/3
  1341 | D:3      | Reached XP level 5. HP: 35/47 MP: 4/4
  1341 | D:3      | Killed Natasha
  1358 | D:3      | Noticed Natasha
  1373 | D:3      | Killed Natasha
  1374 | D:3      | Reached skill level 5 in Long Blades
  1470 | D:3      | Noticed Natasha
  1475 | D:3      | Killed Natasha
  1738 | D:4      | Reached XP level 6. HP: 52/53 MP: 5/5
  1742 | D:4      | Noticed Blork the orc
  1748 | D:4      | Killed Blork the orc
  1749 | D:4      | Reached skill level 5 in Armour
  1749 | D:4      | Reached skill level 1 in Dodging
  1749 | D:4      | Reached skill level 1 in Stealth
  1874 | D:4      | Reached skill level 6 in Long Blades
  2020 | D:4      | Found a hide-covered altar of Uskayaw.
  2095 | D:4      | Noticed Eustachio
  2118 | D:4      | Killed Eustachio
  2119 | D:4      | Reached XP level 7. HP: 51/60 MP: 6/6
  2364 | D:4      | Noticed Pikel
  2374 | D:4      | Killed Pikel
  2375 | D:4      | Reached skill level 5 in Fighting
  2375 | D:4      | Reached skill level 8 in Long Blades
  2375 | D:4      | Reached skill level 5 in Shields
  2375 | D:4      | Reached XP level 8. HP: 69/69 MP: 7/7
  2396 | D:4      | Found Siheomepn's Antique Weapon Shop.
  2410 | D:4      | Found Ustagorgh's Antique Weapon Emporium.
  2415 | D:4      | Noticed Grinder
  2421 | D:4      | Paralysed by Grinder for 4 turns
  2427 | D:4      | Killed Grinder
  2700 | D:4      | Reached skill level 9 in Long Blades
  2878 | D:4      | Found Magoplao's Assorted Antiques.
  2886 | D:4      | Bought a red potion for 20 gold pieces
  2886 | D:4      | Bought a red potion for 20 gold pieces
  2886 | D:4      | Bought a scroll labelled NURAOHIYST for 23 gold pieces
  2886 | D:4      | Bought a smoky purple potion for 20 gold pieces
  2923 | D:4      | Found Azett's Book Emporium.
  2964 | D:4      | Found Laobboti's Antique Armour Shop.
  3097 | D:5      | Entered Level 5 of the Dungeon
  3097 | D:5      | Noticed Sigmund
  3100 | D:5      | Killed Sigmund
  3159 | D:5      | Found a broken altar of Ashenzari.
  3178 | D:5      | Noticed Edmund
  3188 | D:5      | Killed Edmund
  3307 | D:5      | Reached XP level 9. HP: 75/75 MP: 8/8
  3319 | D:5      | Reached skill level 10 in Long Blades
  3634 | D:5      | Found an iron altar of Okawaru.
  3642 | D:5      | Became a worshipper of Warmaster Okawaru
  4615 | D:7      | Reached skill level 11 in Long Blades
  4626 | D:7      | Found Zouburub's Jewellery Shoppe.
  4791 | D:7      | Reached * piety under Okawaru
  5164 | D:7      | Found a staircase to the Ecumenical Temple.
  5238 | D:8      | Found an ornate altar of the Wu Jian Council.
  6265 | D:9      | Reached XP level 10. HP: 78/86 MP: 9/9
  6343 | D:9      | Reached ** piety under Okawaru
  6353 | D:9      | Reached skill level 12 in Long Blades
  6870 | D:9      | Found a staircase to the Orcish Mines.
  7219 | D:9      | Reached *** piety under Okawaru
  7236 | D:9      | Noticed Maggie
  7255 | D:9      | Killed Maggie
  7509 | D:9      | Noticed a deep elf pyromancer
  7524 | D:9      | Noticed a cyclops
  7526 | D:9      | Killed a deep elf pyromancer
  7526 | D:9      | Reached **** piety under Okawaru
  7527 | D:9      | Reached skill level 10 in Armour
  7541 | D:9      | Killed a cyclops
  7542 | D:9      | Reached skill level 13 in Long Blades
  7648 | D:9      | Identified the +2 pair of gloves of Vanity {rN++ Str-5
                  | Int+4}
  7681 | D:9      | Noticed a two-headed ogre
  7688 | D:9      | Reached XP level 11. HP: 49/97 MP: 10/10
  8119 | D:10     | Entered Level 10 of the Dungeon
  8655 | D:10     | Found a staircase to the Lair.
  8976 | D:10     | Found a runed translucent door.
  9013 | D:10     | Found a runed translucent door.
  9013 | D:10     | You fall into a shaft and drop 1 floor!
  9162 | D:10     | Reached ***** piety under Okawaru
  9507 | D:10     | Noticed a necromancer
  9507 | D:10     | Noticed a centaur warrior
  9507 | D:10     | Noticed a skeletal warrior
  9509 | D:10     | Noticed a lich
  9509 | D:10     | Noticed a centaur warrior
  9510 | D:10     | Noticed a deep elf pyromancer
  9511 | D:10     | Noticed ymhsbmbesitwf's ghost (journeyman GrCj)
  9599 | D:10     | Found a radiant altar of Vehumet.
  9605 | D:10     | Found an ancient bone altar of Kikubaaqudgha.
  9605 | D:10     | Found a shimmering blue altar of Sif Muna.
  9710 | D:10     | Got Sif Muna's Catalogue of Enchantment
 10343 | D:11     | HP: 3/99 [something (9)]
 10345 | D:11     | Slain by a vampire

Illustrated notes

Levels and vault maps discovered:
D:1:      dpeg_arrival_rooms_a, layout_loops_ring
D:2:      layout_rooms, chequers_arboretum, minmay_rat_gold_closets
D:3:      layout_rooms, uniq_natasha, uniq_pargi
D:4:      layout_basic, nicolae_uskayaw_suspiria, serial_shops, shop,
          nicolae_shop_hallway_stairs, shop, nicolae_shop_peninsula,
          nicolae_shop_overgrown_old_shop, minmay_puff, uniq_grinder,
          uniq_pikel, uniq_eustachio, uniq_blork_the_orc
D:5:      layout_rooms, cheibrodos_ashenzari_chains,
          kennysheep_okawaru_gauntlet, uniq_sigmund, uniq_edmund
D:6:      layout_basic, fountainhead, serial_library_hellmonk_semicircle
D:7:      layout_loops_ring, minmay_temple_entry_fiery, serial_shops,
          nicolae_shop_competitors_out_of_business,
          hangedman_abyss_or_decor_passed, nicolae_benzene_ring
D:8:      layout_loops_cross, lemuel_coloured_pillars_altar, minmay_crystal_room
D:9:      nzn_winding_woodlands_medium [nzn_winding_woodlands_5x5_cross,
          nzn_winding_woodlands_5x15_garden,
          nzn_winding_woodlands_5x5_perimeter,
          nzn_winding_woodlands_5x5_checkerboard,
          nzn_winding_woodlands_center_triple_pond,
          nzn_winding_woodlands_5x5_default, nzn_winding_woodlands_5x5_three,
          nzn_winding_woodlands_5x15_pathside_ponds,
          nzn_winding_woodlands_5x5_open_star], layout_long_grid, david_orc_5,
          uniq_maggie
D:10:     layout_layer_cave, grunt_temple_overflow_magic_moments,
          lair_entry_dummy, muffindrake_ghost_dual_entry, serial_ice,
          serial_ice_h, serial_ice_d, serial_ice_g, serial_ice_m, serial_ice_o,
          serial_ice_e
D:11:     layout_stronghold, uniq_snorg
D:12:     layout_gridville, serial_bayou, serial_bayou_ford_a,
          serial_bayou_lake_a, serial_bayou_lagoon_a, serial_bayou_crossing,
          uniq_erolcha

Skill      XL: |  1  2  3  4  5  6  7  8  9 10 11 |
---------------+----------------------------------+-----
Armour         | 4 5 6 7 8 10 11 | 11.0
Shields        | 4 5 6 7 8 9 |  9.0
Fighting       | 4 5 7 9 |  9.7
Long Blades    | 3 4 5 6 8 9 11 13 | 13.9
Dodging        | 1 2 3 4 |  4.2
Stealth        | 1 2 |  2.0
Evocations     | |  0.7

Action                     |  1- 3 |  4- 6 |  7- 9 | 10-12 || total
---------------------------+-------+-------+-------+-------++-------
  Melee: Long sword        |    88 |    89 |   237 |   400 ||   814
         Headbutt          |     7 |    14 |    44 |    87 ||   152
 Invoke: Heroism           |       |       |       |     2 ||     2
  Evoke: Wand              |       |       |     3 |     6 ||     9
    Use: Potion            |     1 |     3 |       |       ||     4
         Scroll            |     1 |       |     5 |     1 ||     7
 Armour: Scale mail        |    36 |       |       |       ||    36
         Chain mail        |    43 |    96 |   158 |    60 ||   357
         Plate armour      |       |       |       |   257 ||   257
  Dodge: Dodged            |    41 |    52 |    78 |   119 ||   290
  Block: Buckler           |    19 |    31 |    71 |    88 ||   209
